 Dungeon Crawl Stone Soup version 0.28-a0-895-g6e5f11bd55 (webtiles) character file.

Game seed: 8241720219448614904

31840 vurker the Zephyrmancer (level 13, 37/111 HPs)
             Began as a Demigod Air Elementalist on Nov 22, 2021.
             Quit the game on level 2 of the Orcish Mines.
             The game lasted 00:23:09 (25645 turns).

vurker the Zephyrmancer (Demigod Air Elementalist) Turns: 25645, Time: 00:23:09

Health: 37/111     AC:  7    Str:  9    XL:     13   Next: 0%
Magic:  21/34      EV: 15    Int: 42    God:
Gold:   2146       SH:  5    Dex: 17    Spells: 31/36 levels left

rFire   . . .      SeeInvis .   A - +1 dagger (elec)
rCold   . . .      Faith    .   (no shield)
rNeg    . . .      Spirit   .   q - +1 leather armour {rPois}
rPois   +          Reflect  +   B - +2 hat
rElec   +          Harm     .   (no cloak)
rCorr   .          Rampage  .   (no gloves)
Will    +....                   f - +0 pair of boots
Stlth   +++.......              I - amulet of reflection
HPRegen 0.28/turn               s - ring "Hyri" {rElec EV+4 Int+3 Dex+3 Stlth+}
MPRegen 0.24/turn               k - +6 ring of intelligence

@: studying Long Blades
A: high mp 1, forlorn
a: no special abilities


You were on level 2 of the Orcish Mines.
You visited 2 branches of the dungeon, and saw 14 of its levels.

You collected 2146 gold pieces.

Inventory:

Hand Weapons
 A - a +1 dagger of electrocution (weapon)
   (You took it off an orc wizard on level 6 of the Dungeon)
Armour
 f - a +0 pair of boots (worn)
   (You found it on level 1 of the Dungeon)
 q - a +1 leather armour of poison resistance (worn)
   (You found it on level 5 of the Dungeon)
 B - a +2 hat (worn)
   (You took it off Gastronok on level 8 of the Dungeon)
Magical Staves
 x - a staff of earth
   (You took it off Jorgrun on level 2 of the Orcish Mines)
Jewellery
 e - a ring of willpower
   (You found it on level 1 of the Dungeon)
 i - a ring of poison resistance
   (You found it on level 5 of the Dungeon)
 k - a +6 ring of intelligence (right hand)
   (You found it on level 1 of the Dungeon)
 m - a ring of willpower
   (You found it on level 5 of the Dungeon)
 s - the ring "Hyri" (left hand) {rElec EV+4 Int+3 Dex+3 Stlth+}
   (You found it on level 3 of the Dungeon)

   [ring of evasion]

   EV:        It affects your evasion (+4).
   Int:       It affects your intelligence (+3).
   Dex:       It affects your dexterity (+3).
   rElec:     It insulates you from electricity.
   Stlth:     It makes you more stealthy.
 z - a ring of resist corrosion
   (You found it on level 12 of the Dungeon)
 D - a ring of magical power
   (You found it on level 10 of the Dungeon)
 G - a ring of see invisible
   (You found it on level 11 of the Dungeon)
 I - an amulet of reflection (around neck)
   (You found it on level 12 of the Dungeon)
Wands
 d - a wand of iceblast (29)
   (You found it on level 3 of the Dungeon)
 t - a wand of flame (65)
   (You took it off Terence on level 2 of the Dungeon)
 u - a wand of charming (9)
   (You found it on level 8 of the Dungeon)
 v - a wand of digging (9)
   (You found it on level 2 of the Dungeon)
Scrolls
 a - a scroll of immolation
 h - 2 scrolls of amnesia
 y - 4 scrolls of fear
 E - 3 scrolls of identify
Potions
 c - a potion of mutation {unknown}
 g - 6 potions of curing
 j - a potion of lignification
 l - 5 potions of haste
 n - a potion of flight
 o - 5 potions of brilliance
 p - a potion of magic {unknown}
 r - a potion of ambrosia
 w - 2 potions of invisibility {unknown}
 C - 2 potions of heal wounds {unknown}


   Skills:
 + Level 9.4 Fighting
 - Level 1.7 Dodging
 - Level 1.7 Stealth
 * Level 12.3 Spellcasting
 - Level 3.0 Conjurations
 * Level 13.5 Air Magic


You had 31 spell levels left.
You knew the following spells:

 Your Spells              Type           Power      Damage    Failure   Level
a - Shock                 Conj/Air       100%       1d9       1%          1
c - Airstrike             Air            48%        N/A       1%          4

Your spell library contained the following spells:

 Spells                   Type           Power      Damage    Failure   Level
 Static Discharge         Conj/Air       76%        N/A       1%          2
 Swiftness                Air            96%        N/A       1%          3
 Scorch                   Fire           50%        2d8       2%          2
 Conjure Flame            Conj/Fire      38%        6-21      2%          3
 Dazzling Flash           Conj/Hex       76%        N/A       2%          3
 Ignite Poison            Fire/Tmut/Pois 25%        N/A       4%          3
 Ozocubu's Armour         Ice            25%        N/A       4%          3
 Flame Wave               Conj/Fire      38%        3d8       9%          4
 Iskenderun's Mystic Bla  Conj/Tloc      38%        2d9       9%          4
 Sticky Flame             Conj/Fire      38%        2d6       9%          4
 Metabolic Englaciation   Hex/Ice        12%        N/A       43%         5
 Starburst                Conj/Fire      19%        6d7       80%         6
 Simulacrum               Ice/Necr       12%        N/A       95%         6
 Summon Cactus Giant      Summ           12%        N/A       95%         6


Dungeon Overview and Level Annotations

Branches:
Dungeon (12/15)            Temple (0/1) D:6            Lair (0/6) D:10
    Orc (2/2) D:12            Elf (0/3) Orc:2

Shops:
D:3 [   D:6 [   D:11 [   Orc:2 *((

Annotations:
D:6 3 runed translucent doors, sn0wgr3's ghost, novice MiFi
Orc:2 Saint Roka


Innate Abilities, Weirdness & Mutations

Your attributes grow dramatically as you level up.
You have an increased reservoir of magic. (+10% MP)
You shall have no god before yourself.


Message History

The shop is a mimic!
The shop mimic snickers and vanishes in a puff of smoke!
Done exploring.
Done exploring.
Done exploring.
Done exploring.
Aim: Saint Roka, wielding a +2 long sword of holy wrath and wearing a +3 plate armour of cold resistance (wandering, hasn't noticed you, empty space bonus: 8/8)
The air twists around and strikes Saint Roka!
Saint Roka shouts!
You hear a howl!
You hear a shout! x3
A warg comes into view.
Saint Roka roars a battlecry!
The orcs go into a battle-frenzy!
The orc shouts!
Aim: Saint Roka, wielding a +2 long sword of holy wrath and wearing a +3 plate armour of cold resistance (lightly wounded, empty space bonus: 5/8)
The air twists around and strikes Saint Roka!
Aim: Saint Roka, wielding a +2 long sword of holy wrath and wearing a +3 plate armour of cold resistance (lightly wounded, empty space bonus: 5/8)
The air twists around and strikes Saint Roka.
An orc warrior comes into view. It is wielding a +0 scimitar.
Aim: Saint Roka, wielding a +2 long sword of holy wrath and wearing a +3 plate armour of cold resistance (lightly wounded, empty space bonus: 5/8)
The air twists around and strikes Saint Roka!
As you read the scroll of fear, it crumbles to dust.
You assume a fearsome visage.
Saint Roka looks frightened!
The orc warrior looks frightened!
The orc looks frightened!
The orc warrior looks frightened!
The orc looks frightened! x2
The warg resists with some effort.
A troll comes into view.
The troll shouts!
An ogre comes into view. It is wielding a +0 giant club.
The warg closely misses you.
Cornered, the orc warrior turns to fight!
The orc wizard shouts!
The ogre shouts!
Saint Roka seems to regain their courage.
Saint Roka mumbles some strange prayers to Beogh against you.
Beogh smites you! The troll completely misses you. The troll barely misses you.
The troll claws you.
You hit the warg but do no damage. Lightning courses through the warg!
The warg closely misses you.
Saint Roka roars a battlecry!
The orc wizard goes into a battle-frenzy!
The troll bites you! You block the troll's attack. The troll claws you.
The warg closely misses you.
Saint Roka mumbles some strange prayers to Beogh against you.
Beogh smites you! The warg completely misses you.
Saint Roka invokes the aid of Beogh against you.
Beogh smites you!
* * * LOW HITPOINT WARNING * * *
The troll bites you!
* * * LOW HITPOINT WARNING * * *
The troll barely misses you. x2
There is an open door, spattered with blood here.

........# ##.##......∩##.##### ##
.......## #..###8..)8###..#..##
.......# #.#####...#####.....##
...#..### #.#...#...#...#......#
..#...#.###.#...'...'...#......##
.........#..#...#...#...#.......#
...........o#####.8.#####.#......
............#...#...#...#........
............#...@h..'...#........
............#...#To.#...#........
..........o.#####Oo.#####........
............## #8...8# ##........
.............###..o..###.........
..#..........).##''[##...........
....................)).).[.......
...............#o8.8o.)..........
...................[.............


You could see Saint Roka, a troll, a warg, an orc warrior (strong), an ogre, an
orc wizard (strong) and an orc (strong, fleeing).

Vanquished Creatures
  Jorgrun (Orc:2)
  Gastronok (D:8)
  3 boulder beetles
  A hydra (D:12)
  3 two-headed ogres
  A satyr (D:12)
  An orc high priest (Orc:2)
  4 deep elf zephyrmancers (Orc:1)
  An orc knight (D:11)
  5 deep elf pyromancers
  2 ugly things
  A wolf spider (D:12)
  2 cyclopes
  2 unseen horrors (D:12)
  A kobold demonologist (D:12)
  2 komodo dragons (D:12)
  A yaktaur (D:12)
  5 trolls
  Grinder (D:3)
  Sigmund (D:2)
  A vampire (D:11)
  31 yaks
  2 shadows
  3 wraiths
  A wyvern (D:10)
  2 basilisks (D:10)
  6 humans
  4 steam dragons
  A swamp worm (D:12)
  A warg (Orc:1)
  4 water moccasins
  21 orc warriors
  A sky beast (D:7)
  2 black bears
  A hornet zombie (D:8)
  2 necrophages
  2 ice beasts
  8 ogres
  4 centaurs
  3 bullfrogs
  2 scorpions (D:6)
  13 killer bees
  6 wights
  4 howler monkeys
  23 orc priests
  2 centaur skeletons
  6 hounds
  Jessica (D:3)
  Terence (D:2)
  2 iguanas
  29 orc wizards
  A hound skeleton (D:4)
  A howler monkey zombie (D:6)
  5 gnolls (D:3)
  5 adders
  A white imp (D:8)
  An adder skeleton (D:4)
  2 worms (D:3)
  5 dart slugs
  82 orcs
  8 ball pythons
  4 bats
  8 endoplasms
  3 giant cockroaches
  6 goblins
  13 hobgoblins
  8 jackals
  2 quokkas
  8 frilled lizards
  12 kobolds
  10 rats
413 creatures vanquished.

Vanquished Creatures (others)
  A deep elf pyromancer (Orc:1)
  An orc (Orc:1)
  2 bushes (D:10)
  A fungus (D:10)
  36 plants
41 creatures vanquished.

Grand Total: 454 creatures vanquished

Notes
Turn   | Place    | Note
-------+----------+-------------------------------------------
     0 | D:1      | vurker the Demigod Air Elementalist began the quest for the
                  | Orb.
     0 | D:1      | Reached XP level 1. HP: 14/14 MP: 5/5
   127 | D:1      | Reached skill level 1 in Conjurations
   359 | D:1      | Reached XP level 2. HP: 22/22 MP: 4/7
   519 | D:1      | Reached skill level 3 in Air Magic
  1046 | D:2      | Reached XP level 3. HP: 27/27 MP: 7/9
  1596 | D:2      | Noticed Sigmund
  1622 | D:2      | Killed Sigmund
  1623 | D:2      | Reached skill level 1 in Fighting
  1623 | D:2      | Reached skill level 4 in Air Magic
  1623 | D:2      | Reached XP level 4. HP: 18/36 MP: 1/11
  1623 | D:2      | Reached XP level 5. HP: 20/41 MP: 1/12
  1787 | D:2      | Learned a level 4 spell: Airstrike
  2010 | D:2      | Noticed Terence
  2017 | D:2      | Killed Terence
  2790 | D:3      | Reached XP level 6. HP: 46/48 MP: 7/14
  2998 | D:3      | Found Mihop's Antique Armour Shoppe.
  3332 | D:3      | Noticed Jessica
  3334 | D:3      | Killed Jessica
  3785 | D:3      | Identified the ring "Hyri" {rElec EV+4 Int+3 Dex+3 Stlth+}
  3860 | D:3      | Noticed Grinder
  3868 | D:3      | Killed Grinder
  3869 | D:3      | Reached skill level 5 in Air Magic
  3869 | D:3      | Reached XP level 7. HP: 56/56 MP: 12/16
  5089 | D:4      | Noticed a steam dragon
  5092 | D:4      | Killed a steam dragon
  5213 | D:5      | Entered Level 5 of the Dungeon
  5216 | D:5      | Reached skill level 5 in Spellcasting
  5409 | D:5      | Noticed a troll
  5412 | D:5      | Killed a troll
  5413 | D:5      | Reached skill level 6 in Air Magic
  5413 | D:5      | Reached XP level 8. HP: 63/63 MP: 5/19
  6672 | D:6      | Reached skill level 7 in Air Magic
  6909 | D:6      | Found Loclaug's Antique Armour Emporium.
  7513 | D:6      | Found a runed translucent gate.
  7513 | D:6      | Found a runed translucent gate.
  7517 | D:6      | Found a runed translucent gate.
  7518 | D:6      | Noticed sn0wgr3's ghost (novice MiFi)
  7564 | D:6      | Found a staircase to the Ecumenical Temple.
  8217 | D:7      | Reached XP level 9. HP: 72/72 MP: 6/22
  8333 | D:7      | Noticed a cyclops
  8730 | D:7      | Killed a cyclops
  8731 | D:7      | Reached skill level 5 in Fighting
  8731 | D:7      | Reached skill level 8 in Air Magic
 10834 | D:8      | Noticed Gastronok
 11665 | D:8      | Killed Gastronok
 11666 | D:8      | Reached skill level 9 in Air Magic
 11666 | D:8      | Reached XP level 10. HP: 43/83 MP: 2/26
 13523 | D:9      | Noticed a boulder beetle
 13536 | D:9      | HP: 3/84 [boulder beetle (20)]
 13547 | D:9      | Killed a boulder beetle
 13548 | D:9      | Reached skill level 10 in Air Magic
 13967 | D:10     | Entered Level 10 of the Dungeon
 14658 | D:10     | Reached XP level 11. HP: 80/91 MP: 6/28
 15017 | D:10     | Found a staircase to the Lair.
 15980 | D:10     | Noticed a two-headed ogre
 15984 | D:10     | Killed a two-headed ogre
 15985 | D:10     | Reached skill level 10 in Spellcasting
 15985 | D:10     | Reached skill level 11 in Air Magic
 17848 | D:11     | Noticed a two-headed ogre
 17852 | D:11     | Killed a two-headed ogre
 17941 | D:11     | Found Kutekk's Antique Armour Shoppe.
 17986 | D:11     | Noticed an orc knight
 17991 | D:11     | Killed an orc knight
 18262 | D:12     | Noticed a two-headed ogre
 18266 | D:12     | Killed a two-headed ogre
 18638 | D:12     | Noticed a boulder beetle
 18654 | D:12     | Killed a boulder beetle
 18655 | D:12     | Reached skill level 12 in Air Magic
 18812 | D:12     | Noticed a boulder beetle
 18835 | D:12     | a boulder beetle changed into a swamp worm
 18923 | D:12     | Reached XP level 12. HP: 92/102 MP: 15/31
 19391 | D:12     | Noticed a boulder beetle
 19392 | D:12     | a boulder beetle changed into a satyr
 19924 | D:12     | Found a staircase to the Orcish Mines.
 20237 | D:12     | Noticed a boulder beetle
 20242 | D:12     | a boulder beetle changed into a wolf spider
 20677 | D:12     | Noticed a five-headed hydra
 20679 | D:12     | Noticed a boulder beetle
 20878 | D:12     | Identified a scroll of acquirement
 20878 | D:12     | Acquired 363 gold pieces
 21118 | D:12     | Killed a boulder beetle
 21197 | D:12     | Killed a five-headed hydra
 21547 | Orc:1    | Entered Level 1 of the Orcish Mines
 21688 | Orc:2    | Entered Level 2 of the Orcish Mines
 21704 | Orc:2    | Found a staircase to the Elven Halls.
 22667 | Orc:1    | Reached skill level 13 in Air Magic
 23722 | Orc:2    | Noticed Jorgrun
 23729 | Orc:2    | Killed Jorgrun
 24207 | Orc:2    | Found Pigolel's General Store.
 24529 | Orc:2    | Found Estibo Iwao's Weapon Emporium.
 25011 | Orc:2    | Noticed Saint Roka
 25419 | Orc:2    | Reached XP level 13. HP: 111/111 MP: 8/34
 25595 | Orc:2    | Found Ragautt's Antique Armour Emporium.
 25616 | Orc:2    | Found Lalucw's Antique Weapon Shoppe.
 25645 | Orc:2    | Quit the game

Illustrated notes

Levels and vault maps discovered:
D:1:      doesnt_arrival_eight_statues, layout_rooms,
          shapermc_ecumenical_altar_mp_highgroup, lexackson_kobold_supper
D:2:      layout_basic, kennysheep_path_1, uniq_sigmund, uniq_terence
D:3:      minmay_octagon_keep, layout_basic, mainiacjoe_overflow_cross_hatched,
          serial_shops, nicolae_shop_overgrown_old_shop,
          small_statue_intersection, minmay_fractal_squares_5, uniq_jessica,
          uniq_grinder
D:4:      layout_basic, kennysheep_mini_moat, lemuel_round_altar,
          chequers_arboretum
D:5:      layout_cave_pods
D:6:      layout_layer_cave, minmay_temple_entry_drinking_statues, serial_shops,
          nicolae_shop_overgrown_old_shop, gammafunk_ghost_nasty_kobolds
D:7:      layout_loops_ring, grunt_qazlal_clouds, minmay_manual_monolith
D:8:      layout_basic, vehumet_altar_wand_db, pf_just_have_faith,
          uniq_gastronok
D:9:      layout_basic, nzn_sisyphean_effort
D:10:     erik_cavepeople, layout_long_grid, zin_academy, minitemple,
          minmay_lair_entry_grove, wad_floor_pattern_untrapped
D:11:     layout_cave_pools, serial_shops,
          nicolae_shop_temple_entry_statues_fountains
D:12:     cheibrodos_barr_body, layout_layer_cave, hiddenorc1_lemuel
Orc:1:    layout_caves, elves_outpost_lemuel
Orc:2:    grunt_orc_community_town_hall, layout_caves,
          grunt_orc_community_big_house_1, grunt_orc_community_big_house_1,
          grunt_orc_community_house_1, grunt_orc_community_house_3,
          grunt_orc_community_house_1, grunt_orc_community_house_2, uniq_jorgrun

Skill      XL: |  1  2  3  4  5  6  7  8  9 10 11 12 |
---------------+-------------------------------------+-----
Conjurations   | 1 2 3 |  3.0
Spellcasting   | 2 3 4 5 6 8 9 11 12 | 12.3
Air Magic      | 3 4 5 6 7 9 10 12 13 | 13.5
Fighting       | 1 2 3 4 6 8 9 |  9.4
Dodging        | |  1.7
Stealth        | |  1.7

Action                   |  1- 3 |  4- 6 |  7- 9 | 10-12 | 13-15 || total
-------------------------+-------+-------+-------+-------+-------++-------
Melee: Short sword       |     9 |     8 |       |       |       ||    17
       Dagger            |       |       |     5 |    11 |     1 ||    17
 Cast: Shock             |    79 |    99 |    44 |    93 |       ||   315
       Airstrike         |       |       |   145 |   423 |     7 ||   575
Evoke: Wand              |       |     1 |     4 |    33 |       ||    38
  Use: Scroll            |       |       |    18 |     3 |     1 ||    22
       Potion            |       |       |     1 |       |       ||     1
Armor: Robe              |     7 |       |       |       |       ||     7
       Leather armour    |       |       |    10 |    25 |       ||    35
Dodge: Dodged            |     8 |    12 |    21 |   122 |     8 ||   171
Block: Other             |       |       |       |    15 |     1 ||    16
       Reflection        |       |       |       |     2 |       ||     2

Table legend: (Time is in decaauts)
 A = Elapsed time spent in this place.
 B = Non-inter-level travel time spent in this place.
 C = Inter-level travel time spent in this place.
 D = Time resting spent in this place.
 E = Time spent auto-exploring this place.
 F = Levels seen in this place.
 G = Mean time per level.
                   A        B        C        D        E       F      G
               +--------+--------+--------+--------+--------+-----+--------+
         Total |  25675 |  25139 |    536 |   3074 |  19344 |  14 | 1833.9 |
       Dungeon |  21567 |  21111 |    456 |   2589 |  16404 |  12 | 1797.2 |
  Orcish Mines |   4108 |   4028 |     80 |    485 |   2940 |   2 | 2054.0 |
               +--------+--------+--------+--------+--------+-----+--------+

Top non-repeatable levels by time:
    D:12: 3005 daAuts
   Orc:2: 2715 daAuts
     D:9: 2633 daAuts
     D:8: 2499 daAuts
     D:6: 2331 daAuts
    D:10: 2192 daAuts
     D:3: 1610 daAuts
     D:2: 1504 daAuts
     D:4: 1415 daAuts
   Orc:1: 1392 daAuts
    D:11: 1264 daAuts
     D:7: 1248 daAuts
     D:5: 1044 daAuts
     D:1: 816 daAuts
